AoeStats
← gabisan

Black Forest

508021314Analyzed
3v3 RM · 13d ago on Sep 20, 2026· 62m 2s· 6 players
Game mode
Random Map
Map size
Normal (6 player)
Population
200
Speed
Normal
Resources
Standard
Victory
Conquest
Starting age
Dark Age
Ending age
Imperial Age
RankedLock teamsTeams togetherTeam positionsShared explorationLock speedFull tech treeHidden civsTurbo modeCheats
Victory
Defeat
🇷🇴 Romans · Romania
944
+17
🇷🇴 Turks · Romania
943
+17
🇷🇴 Spanish · Romania
939
+17
🇸🇰 Goths · Slovakia
995
-18
🇪🇸 Byzantines · Spain
971
-17
🇦🇹 Japanese · Austria
930
-16
MsPacMan
0:38 Loom
13:26 Feudal Age
19:28 Double-Bit Axe
19:28 Horse Collar
22:05 Castle Age
20:11 Stone Mining
29:12 Imperial Age
29:12 Wheelbarrow
28:11 Elite Skirmisher
29:28 Bow Saw
30:37 Forging
30:21 Fletching
32:47 Chemistry
32:59 Scale Barding Armor
33:19 Cavalier
42:11 Bodkin Arrow
42:37 Chain Barding Armor
44:46 Murder Holes
45:12 Ballistics
45:30 Plate Barding Armor
44:57 Padded Archer Armor
48:32 Bracer
57:02 Fortified Wall
motc
1:14 Loom
14:17 Feudal Age
16:32 Horse Collar
19:52 Castle Age
18:30 Double-Bit Axe
20:11 Wheelbarrow
21:28 Heavy Plow
21:45 Bow Saw
26:50 Gold Mining
32:54 Imperial Age
30:45 Hand Cart
31:18 Scale Mail Armor
31:29 Forging
32:40 Chain Mail Armor
33:47 Iron Casting
33:16 Town Watch
33:40 Perfusion
34:01 Conscription
33:38 Pikeman
34:18 Squires
34:02 Halberdier
35:52 Two-Man Saw
35:25 Crop Rotation
35:04 Anarchy
34:35 Sappers
37:15 Town Patrol
38:20 Blast Furnace
37:10 Fletching
37:21 Padded Archer Armor
46:41 Scale Barding Armor
46:52 Leather Archer Armor
46:32 Bodkin Arrow
48:52 Ring Archer Armor
48:43 Chain Barding Armor
49:46 Chemistry
49:07 Ballistics
48:37 Heated Shot
50:35 Bracer
49:58 Cavalier
50:01 Light Cavalry
50:57 Bloodlines
52:17 Sappers
53:01 Masonry
57:09 Elite Huskarl
57:37 Hussar
59:36 Husbandry
kakao_
0:34 Loom
14:24 Feudal Age
16:03 Wheelbarrow
15:17 Town Watch
22:25 Castle Age
22:58 Stone Mining
26:43 Horse Collar
28:35 Treadmill Crane
31:07 Gold Mining
31:44 Hand Cart
33:03 Gold Shaft Mining
34:07 Fortified Wall
37:55 Imperial Age
36:03 Fletching
36:52 Bodkin Arrow
37:48 Ballistics
37:24 Murder Holes
37:41 Scale Mail Armor
40:03 Chemistry
39:51 Kataparuto
38:53 Elite Samurai
40:30 Bracer
40:47 Chain Mail Armor
41:19 Hoardings
41:50 Squires
41:50 Pikeman
43:24 Conscription
42:50 Light Cavalry
43:43 Bloodlines
44:39 Husbandry
46:10 Heavy Plow
46:01 Double-Bit Axe
46:06 Cavalier
47:35 Caravan
47:45 Arson
49:00 Heavy Scorpion
51:00 Plate Mail Armor
50:31 Padded Archer Armor
50:41 Yasama
52:19 Siege Engineers
52:25 Masonry
54:29 Coinage
54:14 Scale Barding Armor
54:21 Forging
55:29 Onager
56:53 Banking
58:56 Halberdier
highrisk
1:15 Loom
14:16 Feudal Age
21:28 Castle Age
19:28 Double-Bit Axe
20:12 Horse Collar
23:22 Bow Saw
23:16 Heavy Plow
27:22 Ballistics
31:53 Caravan
33:14 Wheelbarrow
32:26 Town Watch
32:34 Gold Mining
36:56 Imperial Age
36:41 Hand Cart
36:27 Town Patrol
37:12 Fortified Wall
36:58 Murder Holes
37:14 Masonry
38:26 Ballistas
40:43 Chemistry
39:49 Siege Engineers
40:15 Architecture
39:33 Man-at-Arms
39:58 Heavy Scorpion
41:39 Gold Shaft Mining
44:45 Long Swordsman
48:51 Crop Rotation
48:21 Stone Mining
48:23 Legionary
53:26 Scale Mail Armor
53:37 Forging
53:18 Fletching
53:34 Scale Barding Armor
53:29 Padded Archer Armor
54:25 Onager
gabisan
0:29 Loom
16:06 Feudal Age
21:57 Castle Age
20:33 Stone Mining
20:31 Double-Bit Axe
20:32 Horse Collar
20:50 Gold Mining
22:52 Fletching
23:54 Bow Saw
29:36 Heavy Plow
35:03 Imperial Age
33:52 Gold Shaft Mining
33:21 Man-at-Arms
34:07 Squires
35:14 Fortified Wall
34:57 Heated Shot
35:28 Masonry
35:32 Long Swordsman
36:16 Artillery
36:37 Conscription
39:10 Elite Janissary
41:15 Hoardings
42:28 Scale Mail Armor
42:34 Scale Barding Armor
42:24 Bodkin Arrow
42:30 Padded Archer Armor
42:41 Forging
43:03 Architecture
44:25 Two-Man Saw
42:46 Two-Handed Swordsman
46:20 Husbandry
47:02 Bloodlines
46:52 Heavy Camel Rider
49:44 Heavy Scorpion
53:19 Chain Mail Armor
53:27 Bombard Tower
58:36 Caravan
61:34 Ballistics
61:01 Arrowslits
61:47 Plate Mail Armor
email_to_mihai
0:31 Loom
14:20 Feudal Age
21:28 Castle Age
20:42 Double-Bit Axe
21:15 Stone Mining
21:22 Gold Mining
21:24 Horse Collar
23:16 Bow Saw
26:45 Wheelbarrow
33:06 Imperial Age
32:37 Caravan
34:58 Chemistry
34:00 Fletching
34:21 Forging
35:14 Conscription
35:34 Ballistics
35:12 Bodkin Arrow
35:23 Scale Barding Armor
35:36 Hand Cart
35:02 Cavalier
35:42 Husbandry
35:56 Bloodlines
38:43 Chain Barding Armor
38:24 Scale Mail Armor
38:26 Bracer
39:02 Iron Casting
38:00 Light Cavalry
38:25 Pikeman
39:05 Squires
39:52 Elite Conquistador
42:13 Padded Archer Armor
43:47 Hussar
49:54 Man-at-Arms
50:19 Gambesons
51:15 Plate Barding Armor
51:41 Blast Furnace
50:57 Chain Mail Armor
50:58 Leather Archer Armor
51:23 Paladin
57:20 Plate Mail Armor
57:21 Ring Archer Armor
Connection lost

Rejoining the realm…

Still unreachable

The connection could not be restored.

Session expired

The server has moved on; the page needs a fresh start.